 Dungeon Crawl Stone Soup version 0.18-a0-1121-gb454403 (webtiles) character file.

198 ater218 the Covered (level 5, 0/61 HPs)
             Began as a Demonspawn Fighter on Jan 18, 2016.
             Killed by divine providence
             ... invoked by an orc priest
              (11 damage)
             ... on level 3 of the Dungeon.
             The game lasted 00:08:20 (1876 turns).

ater218 the Covered (Demonspawn Fighter)            Turns: 1876, Time: 00:08:20

Health: 0/61       AC: 22    Str: 18    XL:     5   Next: 47%
Magic:  5/5        EV:  2    Int:  9    God:
Gold:   128        SH:  9    Dex: 12    Spells: 0 memorised, 4 levels left

rFire  . . .     SeeInvis .     a - +0 trident
rCold  + . .     Gourm    .     (armour currently unavailable)
rNeg   + + +     Faith    .     c - +0 shield
rPois  +         Spirit   .     (helmet currently unavailable)
rElec  .         Dismiss  .     (cloak currently unavailable)
rCorr  .         Reflect  .     (gloves currently unavailable)
SustAt .         Harm     .     (boots currently unavailable)
MR     .....     NoTele   +     (no amulet)
Stlth  ++........               (no ring)
                                e - ring of protection from cold (curse)

@: tree-form (expiring), not resistant to hostile enchantments, unstealthy
A: nightstalker 1, (spiny 0)
a: no special abilities


You were on level 3 of the Dungeon.
You were not hungry.
You were a tree.
You visited 1 branch of the dungeon, and saw 3 of its levels.

You collected 128 gold pieces.

Inventory:

Hand Weapons
 a - a +0 trident (weapon)
 n - a +0 halberd
Armour
 c - a +0 shield (worn)
 l - a +0 plate armour (melded)
Jewellery
 e - a cursed ring of protection from cold (left branch)
Scrolls
 h - a scroll of recharging
Potions
 d - 2 potions of might
 g - a potion of haste
 k - a potion of curing
Comestibles
 f - 2 bread rations
 j - 2 meat rations


   Skills:
 + Level 3.5 Fighting
 * Level 2.9 Polearms
 + Level 3.6 Armour
 + Level 1.5 Dodging
 + Level 3.6 Shields


You had 4 spell levels left.
You didn't know any spells.

Dungeon Overview and Level Annotations

Branches:
Dungeon (3/15)

Altars:
Okawaru


Innate Abilities, Weirdness & Mutations

You are slightly more attuned to the shadows.
((You are partially covered in sharp spines.))


Message History

You barely miss the orc.
The orc is heavily wounded.
The orc priest casts a cantrip, but nothing happens.
You block the orc's attack. The orc hits you but does no damage.
You closely miss the orc.
The orc is heavily wounded.
The orc priest looks braver for a moment.
You block the orc's attack.
You hit the orc but do no damage.
The orc is heavily wounded.
The orc hits you but does no damage.
You hit the orc but do no damage.
The orc is heavily wounded.
The orc hits you but does no damage.
You hit the orc but do no damage.
The orc is heavily wounded.
Your transformation is almost over.
The orc priest calls down the wrath of Beogh upon you.
Something smites you!
You die... ..#.# #.# #...########.# #...... .............# ...#.##.# .#####..# .....#. #..<. ..o.. ##.## oor

#.# #o# #.# #♣#
#.# #.# #.# #.#
#.## #.# #..#
#.# . #...
####.#
.#######.#
#....#
#........#
#.####
#.#####..# #.#
######.#####..#


You could see an orc priest, 3 orcs and a rat.

Vanquished Creatures
  The ghost of Grkn the Slasher, a weakling CeGl (D:3)
  An orc priest (D:3)
  5 gnolls (D:2)
  An adder (D:3)
  2 oozes
  A worm (D:2)
  A giant gecko (D:1)
  5 orcs
  4 giant cockroaches
  6 goblins
  7 hobgoblins
  A quokka (D:2)
  6 bats
  2 giant newts
  6 kobolds
  8 rats
57 creatures vanquished.

Notes
Turn   | Place    | Note
--------------------------------------------------------------
     0 | D:1      | ater218 the Demonspawn Fighter began the quest for the Orb.
     0 | D:1      | Reached XP level 1. HP: 18/18 MP: 1/1
   142 | D:1      | Gained mutation: You are partially covered in sharp spines. [demonic ancestry]
   142 | D:1      | Reached XP level 2. HP: 22/24 MP: 2/2
   787 | D:1      | Gained mutation: You are slightly more attuned to the shadows. [demonic ancestry]
   787 | D:1      | Reached XP level 3. HP: 29/29 MP: 3/3
   928 | D:2      | Reached skill level 1 in Dodging
   966 | D:2      | Found an iron altar of Okawaru.
  1187 | D:2      | Reached XP level 4. HP: 35/35 MP: 4/4
  1432 | D:3      | Reached XP level 5. HP: 9/41 MP: 5/5
  1671 | D:3      | Noticed Grkn's ghost (weakling CeGl)
  1693 | D:3      | Killed Grkn's ghost
  1876 | D:3      | Killed from afar by an orc priest

Vault maps used:
D:1:      matt_arrival_grand_opening
D:2:      first_bread, okawaru_altar_gauntlet_db

Action                   |  1- 3 |  4- 6 || total
-------------------------+-------+-------++-------
Melee: Trident           |    74 |    73 ||   147
  Use: Scroll            |     5 |       ||     5
       Potion            |     1 |     3 ||     4
  Eat: Chunk             |     1 |     2 ||     3
